 Dungeon Crawl Stone Soup version 0.31-a0-841-g038b102fc3 (webtiles) character file.

Game seed: 15293971329269616396

745 LeprechaunX the Changeling (level 7, -4/41 HPs)
             Began as an Octopode Shapeshifter on Sept 27, 2023.
             Was a Follower of Hepliaklqana.
             Killed from afar by an electric eel (15 damage)
             ... with a bolt of electricity
             ... on level 5 of the Dungeon.
             The game lasted 00:05:20 (4380 turns).

LeprechaunX the Changeling (Octopode Shapeshifter)  Turns: 4380, Time: 00:05:20

Health: -4/41      AC:  1    Str: 15    XL:     7   Next: 76%
Magic:  19/19      EV: 19    Int: 13    God:    Hepliaklqana [*.....]
Gold:   294        SH:  0    Dex: 11    Spells: 8/10 levels left

rFire   . . .        p - +7 whip "Xuyplam" {heavy, rC+ Will+}
rCold   + . .        (no shield)
rNeg    . . .        (helmet currently unavailable)
rPois   .            (no amulet)
rElec   .            k - +5 ring of evasion
rCorr   .            n - ring of magical power
SInv    .            (no ring)
Will    +....        (no ring)
Stlth   ++           (no ring)
HPRegen 0.26/turn    (no ring)
MPRegen 0.16/turn    (no ring)
                     (no ring)

%: no passive effects
@: beast-form
A: beast (slay +2), reduced essence, almost no armour, amphibious, 8 rings,
camouflage 1, gelatinous body 1, (nimble swimmer 1), tentacles
a: Begin Untransformation, Renounce Religion, Recall Ancestor, Ancestor Identity


You were on level 5 of the Dungeon.
You worshipped Hepliaklqana.
Hepliaklqana was aware of your devotion.
You were a hulking beast.
You visited 1 branch of the dungeon, and saw 5 of its levels.

You collected 294 gold pieces.

Inventory:

Hand Weapons
 p - the +7 whip "Xuyplam" (weapon) {heavy, rC+ Will+}
   (You found it on level 3 of the Dungeon)

   rC+:       It protects you from cold.
   Will+:     It increases your willpower.
Jewellery
 k - a +5 ring of evasion (left tentacle)
 m - the ring "Luanwer" {Ice Int+3}
   (You found it on level 2 of the Dungeon)

   [ring of ice]

   Ice:       It enhances your ice magic.
   Int+3:     It affects your intelligence (+3).
   rF-:       It makes you vulnerable to fire.
   rC+:       It protects you from cold.
 n - a ring of magical power (right tentacle)
Talismans
 b - a beast talisman (active)
 c - a flux talisman
 q - a blade talisman
Wands
 r - a wand of mindburst (13)
 u - a wand of paralysis (6)
Scrolls
 d - 13 scrolls of identify {unknown}
 e - 2 scrolls of vulnerability {unknown}
 f - 3 scrolls of teleportation {unknown}
 i - a scroll of noise {unknown}
 j - a scroll of torment {unknown}
 l - a scroll of amnesia {unknown}
 t - a scroll of fear {unknown}
Potions
 a - 3 potions of lignification
 g - 4 potions of curing {unknown}
 h - 2 potions of degeneration {unknown}
 o - a potion of invisibility {unknown}
 s - a potion of might {unknown}
 v - a potion of heal wounds {unknown}


   Skills:
 + Level 3.1 Fighting
 + Level 3.7 Dodging
 + Level 4.4 Unarmed Combat
 + Level 2.3 Spellcasting
 + Level 2.5 Translocations
 * Level 5.0 Shapeshifting


You had 8 spell levels left.
You knew the following spells:

 Your Spells              Type           Power      Damage    Failure   Level
a - Blink                 Tloc           16%        N/A       13%         2

Your spell library contained the following spells:

 Spells                   Type           Power      Damage    Failure   Level
 Lesser Beckoning         Tloc           16%        N/A       13%         2
 Momentum Strike          Conj/Tloc      8%         3d8       22%         2
 Manifold Assault         Tloc           8%         N/A       65%         4


Dungeon Overview and Level Annotations

Branches:
Dungeon (5/15)
 Temple: D:4-7

Altars:
Ashenzari
Elyvilon
Hepliaklqana
Makhleb
Sif Muna

Shops:
D:2 (   D:4 (=!**   D:5 *


Innate Abilities, Weirdness & Mutations

You are a hulking beast.
Your limbs bulge with bestial killing power. (Slay +2)
Your life essence is reduced to manifest your ancestor. (-10% HP)
You cannot wear most types of armour.
You are amphibious.
You can wear up to eight rings at the same time.
Your skin changes colour to match your surroundings (Stealth+).
Your rubbery body absorbs attacks. (AC +1, EV +1)
((You are camouflaged when in or above water. (Stealth+)))
You have tentacles for arms and can constrict up to eight enemies at once.


Message History

You constrict the wight.
You destroy the wight!
You hear a splash. x2
Your Shapeshifting skill increases to level 5!
Things that are here:
a +2 hand axe; a +0 robe You open the door.
The electric eel shoots out a bolt of lightning at you!
The bolt of electricity hits you!
The electric eel shoots out a bolt of lightning at you!
The bolt of electricity hits the plant!
The plant begins to die.
The bolt of electricity hits you! x2
There is an open door here.
You swap places.
The electric eel shoots out a bolt of lightning at you!
The bolt of electricity hits the plant!
The bolt of electricity hits Ur-Dumizida!
The bolt of electricity misses you.
You enter the shallow water.
Things that are here:
a +2 hand axe; a +0 robe You start resting.
Ancestor HP restored.
You start resting.
HP restored.
You open the door.
The electric eel shoots out a bolt of lightning at you!
The bolt of electricity hits the plant!
The plant begins to die.
The bolt of electricity hits you!
The electric eel shoots out a bolt of lightning at you!
The bolt of electricity hits the plant!
The bolt of electricity hits you!
The bolt of electricity hits Ur-Dumizida!
The electric eel shoots out a bolt of lightning at you!
The bolt of electricity hits the electric eel.
The electric eel completely resists.
The bolt of electricity hits the plant!
The bolt of electricity hits you!
* * * LOW HITPOINT WARNING * * *
The electric eel shoots out a bolt of lightning at Ur-Dumizida!
The bolt of electricity hits you!
You die...

###..........................#...
###...............##.........#...
.................)#.........##..#
..[###.....†................#####
#### #..........##...#...####
.#.###......########^....###
....##..#####~~...###......#
....##.## ##.####R.~#####..#
....#...###.##..h##~~)..####
........#.#.#.....#####..#
......R...#.#.....##..'###
......#####.#~P.PP#...R.#
.......####~#!.P.!#.....#
........#.#~#...[~#PP..~#
.....##...#~#SS~≈≈#.~.P~#
.....#...##~##S≈≈##[$)S!#
...#....####.######≈S.S≈#


You could see the friendly Ur-Dumizida the ancestor and 3 electric eels.

Vanquished Creatures
  An orc warrior (D:5)
  2 ogres (D:5)
  A scorpion (D:5)
  A wight (D:5)
  3 hounds
  A sleepcap (D:5)
  An iguana (D:4)
  An orc wizard (D:5)
  Natasha (D:4)
  2 gnolls (D:5)
  3 adders (D:5)
  3 worms
  3 dart slugs
  15 orcs
  4 bats
  4 endoplasms
  3 giant cockroaches (D:1)
  7 hobgoblins
  8 kobolds
  2 quokkas
  9 ball pythons
  3 frilled lizards
  10 goblins
  11 rats
99 creatures vanquished.

Vanquished Creatures (collateral kills)
  A gnoll (D:5)
  An orc (D:5)
2 creatures vanquished.

Vanquished Creatures (others)
  An ancestor (D:5)
1 creature vanquished.

Grand Total: 102 creatures vanquished

Notes
Turn   | Place    | Note
-------+----------+-------------------------------------------
     0 | D:1      | LeprechaunX the Octopode Shapeshifter began the quest for
                  | the Orb.
     0 | D:1      | Reached XP level 1. HP: 13/13 MP: 1/1
   195 | D:1      | Reached XP level 2. HP: 16/18 MP: 2/2
   475 | D:1      | Reached XP level 3. HP: 23/23 MP: 3/3
   952 | D:2      | Learned a level 2 spell: Blink
   961 | D:2      | Found Vizy's Antique Weapon Shop.
  1439 | D:2      | Identified the ring "Luanwer" {Ice Int+3}
  1663 | D:3      | Identified the +7 whip "Xuyplam" {heavy, rC+ Will+}
  1701 | D:3      | Reached XP level 4. HP: 29/29 MP: 4/4
  2095 | D:3      | Reached XP level 5. HP: 32/34 MP: 5/5
  2181 | D:3      | Found a white marble altar of Elyvilon.
  2397 | D:4      | Found Daecybed's General Store.
  2426 | D:4      | Reached skill level 1 in Translocations
  2543 | D:4      | Found a broken altar of Ashenzari.
  2553 | D:4      | Found Qioppet's Distillery.
  2694 | D:4      | Found Verch's Jewellery Shoppe.
  2752 | D:4      | Found Wymp's Weapon Shoppe.
  2766 | D:4      | Reached skill level 1 in Spellcasting
  2766 | D:4      | Reached skill level 4 in Shapeshifting
  2916 | D:4      | Found a burning altar of Makhleb.
  2949 | D:4      | Found a hazy altar of Hepliaklqana.
  3091 | D:4      | Found Godiev's General Store.
  3195 | D:4      | Noticed Natasha
  3198 | D:4      | Killed Natasha
  3319 | D:4      | Became a worshipper of Hepliaklqana the Forgotten
  3353 | D:5      | Entered Level 5 of the Dungeon
  3355 | D:5      | Found Keluekeb's General Store.
  3381 | D:5      | Noticed an orc warrior
  3390 | D:5      | Killed an orc warrior
  3391 | D:5      | Reached XP level 6. HP: 15/41 MP: 8/8
  3623 | D:5      | Reached XP level 7. HP: 41/45 MP: 9/9
  3791 | D:5      | Reached * piety under Hepliaklqana
  3938 | D:5      | Found a shimmering blue altar of Sif Muna.
  4263 | D:5      | Reached skill level 5 in Shapeshifting
  4380 | D:5      | Killed from afar by an electric eel

Illustrated notes

Levels and vault maps discovered:
D:1:      lemuel_arrival_cross, layout_loops_corners
D:2:      layout_loops_cross, serial_glass, glass_columns_a, glass_columns_b,
          glass_columns_a, glass_columns_b, serial_shops, shop,
          minmay_door_square
D:3:      layout_basic, lemuel_round_altar
D:4:      layout_loops_corners, ashenzari_altar_1,
          mainiacjoe_overflow_two_lobes, serial_shops,
          nicolae_shop_hallway_stairs, shop,
          nicolae_shop_temple_entry_statues_fountains, shop, shop, uniq_natasha
D:5:      cheibrodos_two_vegetables, layout_cave_pools,
          nicolae_sif_muna_little_library, serial_shops, shop

Skill      XL: |  1  2  3  4  5  6  7 |
---------------+----------------------+-----
Fighting       | 2 3 |  3.1
Translocations | 1 2 |  2.5
Spellcasting   | 1 2 |  2.3
Shapeshifting  | 4 5 |  5.0
Dodging        | 3 |  3.7
Unarmed Combat | 4 |  4.4

Action                     |  1- 3 |  4- 6 |  7- 9 || total
---------------------------+-------+-------+-------++-------
  Melee: Unarmed           |    80 |    38 |       ||   118
         Tentacles         |    19 |    16 |     2 ||    37
         Constrict         |    25 |    24 |     3 ||    52
         Punch             |     1 |     2 |     1 ||     4
         Whip              |       |    35 |    19 ||    54
   Stab: Sleeping          |    11 |     7 |       ||    18
 Armour: Skin              |    19 |    21 |    17 ||    57
  Dodge: Dodged            |    29 |    72 |    17 ||   118

Table legend: (Time is in decaauts)
 A = Elapsed time spent in this place.
 B = Non-inter-level travel time spent in this place.
 C = Inter-level travel time spent in this place.
 D = Time resting spent in this place.
 E = Time spent auto-exploring this place.
 F = Levels seen in this place.
 G = Mean time per level.
                   A        B        C        D        E       F      G
               +--------+--------+--------+--------+--------+-----+--------+
         Total |   4406 |   4151 |    255 |    352 |   3130 |   5 |  881.2 |
       Dungeon |   4406 |   4151 |    255 |    352 |   3130 |   5 |  881.2 |
               +--------+--------+--------+--------+--------+-----+--------+

Top non-repeatable levels by time:
     D:4: 1085 daAuts
     D:5: 948 daAuts
     D:1: 916 daAuts
     D:3: 814 daAuts
     D:2: 641 daAuts
